 Dungeon Crawl Stone Soup version 0.31.0-9-g3a7656b989 (console) character file.

Game seed: 11794018430902268553

39 Ignak the Gusty (level 3, 0/25 HPs)
             Began as a Gnoll Air Elementalist on Jan 26, 2024.
             Slain by a jackal (2 damage)
             ... on level 2 of the Dungeon.
             The game lasted 00:03:41 (2102 turns).

Ignak the Gusty (Gnoll Air Elementalist)            Turns: 2102, Time: 00:03:41

Health: 0/25       AC:  2    Str:  7    XL:     3   Next: 47%
Magic:  2/9        EV: 13    Int: 16    God:
Gold:   121        SH:  0    Dex: 12    Spells: 6/12 levels left

rFire   . . .        h - +0 hand axe
rCold   . . .        (no shield)
rNeg    . . .        a - +0 robe
rPois   .            (no helmet)
rElec   .            (no cloak)
rCorr   .            (no gloves)
SInv    .            (no boots)
Will    .....        (no amulet)
Stlth   ++           (no ring)
HPRegen 0.24/turn    (no ring)
MPRegen 0.11/turn

%: no passive effects
@: swift (expiring), very quick
A: fangs 1, strong nose, distributed training
a: no special abilities


You were on level 2 of the Dungeon.
You visited 1 branch of the dungeon, and saw 3 of its levels.

You collected 121 gold pieces.

Inventory:

Hand Weapons
 h - a +0 hand axe (weapon)
Armour
 a - a +0 robe (worn)
Magical Staves
 g - a staff of alchemy
Scrolls
 d - a scroll of fear {unknown}
 e - a scroll of revelation {unknown}
 i - a scroll of identify {unknown}
 j - a scroll of enchant armour {unknown}
Potions
 b - a potion of magic
 c - a potion of enlightenment {unknown}
 f - 2 potions of curing {unknown}


   Skills:
 + Level 0.9 Fighting
 + Level 0.9 Short Blades
 + Level 0.9 Long Blades
 + Level 0.9 Axes
 + Level 0.9 Maces & Flails
 + Level 0.9 Polearms
 + Level 0.9 Staves
 + Level 0.9 Ranged Weapons
 + Level 0.9 Throwing
 + Level 0.9 Armour
 + Level 4.5 Dodging
 + Level 4.2 Stealth
 + Level 0.9 Shields
 + Level 0.9 Unarmed Combat
 + Level 5.0 Spellcasting
 + Level 2.1 Conjurations
 + Level 0.6 Hexes
 + Level 0.6 Summonings
 + Level 0.6 Necromancy
 + Level 0.6 Translocations
 + Level 0.6 Fire Magic
 + Level 0.6 Ice Magic
 + Level 5.4 Air Magic
 + Level 0.6 Earth Magic
 + Level 0.6 Alchemy
 + Level 1.0 Invocations
 + Level 0.9 Evocations
 + Level 0.7 Shapeshifting


You had 6 spell levels left.
You knew the following spells:

 Your Spells              Type           Power      Damage    Failure   Level
a - Shock                 Conj/Air       64%        1d7       3%          1
b - Swiftness             Air            21%        N/A       4%          3
f - Static Discharge      Conj/Air       32%        3-5/arc   4%          2

Your spell library contained the following spells:

 Spells                   Type           Power      Damage    Failure   Level
 Airstrike                Air            10%        2d(2-18)  16%         4
 Lesser Beckoning         Tloc           12%        N/A       19%         2
 Gell's Gravitas          Tloc           6%         N/A       34%         3
 Teleport Other           Tloc           6%         N/A       34%         3


Dungeon Overview and Level Annotations

Branches:
Dungeon (3/15)

Altars:
Zin

Shops:
D:2 [


Innate Abilities, Weirdness & Mutations

You have very sharp teeth.
Your uncanny sense of smell can sniff out nearby items.
Your experience applies equally to all skills.


Message History

The jackal barely misses you. The jackal attacks as it pursues you!
The jackal bites you. The gnoll completely misses you.
The gnoll closely misses you.
Casting: Shock (safe; 3% risk of failure)
Confirm with . or Enter, or press ? or * to list all spells.
You don't know that spell.
Casting: Shock (safe; 3% risk of failure)
Confirm with . or Enter, or press ? or * to list all spells.
The jackal is struck by an arc of lightning.
You kill the jackal!
The ball python is struck by an arc of lightning.
You kill the ball python!
The lightning grounds out.
The gnoll hits you with a +0 club.
The gnoll hits you from afar with a +0 halberd!
The jackal barely misses you.
Unknown command.
Casting: Static Discharge (safe; 4% risk of failure)
Confirm with . or Enter, or press ? or * to list all spells.
The spell is quite dangerous to miscast (4% risk of failure)!
Continue anyway?
You feel quick. The jackal closely misses you.
The gnoll hits you with a +0 club.
* * * LOW HITPOINT WARNING * * *
The gnoll barely misses you. The gnoll attacks as it pursues you!
The gnoll barely misses you. The gnoll attacks as it pursues you!
The gnoll barely misses you. The jackal attacks as it pursues you!
The jackal completely misses you.
There is a stone staircase leading up here.
The jackal barely misses you. The jackal bites you.
* * * LOW HITPOINT WARNING * * *
You climb upwards.
You start to feel a little slower.
There is a stone staircase leading down here.
Casting: Swiftness (quite dangerous; 4% risk of failure)
Confirm with . or Enter, or press ? or * to list all spells.
The jackal is struck by an arc of lightning.
The jackal is almost dead.
You are struck by an arc of lightning.
* * * LOW HITPOINT WARNING * * *
The lightning grounds out.
The jackal bites you.
You die...

.###...##..#####.#
####.#...........#
##.#.#<.#.....#..#
########
#..#.##+#.##..#..#
#......#
...'......#......#
#.####.#
...#.............## #.#
#.# ...#.....###......#
#.# #.#
..##.....'......h.######.#
#.#
.###.....##.....@.'......#
#.#
####.....##.......########
#.# ##.#..#####.......#
#.# #..#...# #.......# #.#
...'...#
#.......###########.#
...#.#.#
#.................#.#
...#.#.#
#################.#.#
..##...# #....# #.#.#
.###...# #.##.# #.#.#


You could see a jackal.

Vanquished Creatures
  4 ball pythons
  An endoplasm (D:2)
  5 giant cockroaches
  2 goblins
  A hobgoblin (D:2)
  8 jackals
  A kobold (D:1)
  A quokka (D:1)
  3 bats
  3 frilled lizards
  5 rats
34 creatures vanquished.

Notes
Turn   | Place    | Note
-------+----------+-------------------------------------------
     0 | D:1      | Ignak the Gnoll Air Elementalist began the quest for the
                  | Orb.
     0 | D:1      | Reached XP level 1. HP: 13/13 MP: 6/6
   296 | D:1      | Reached XP level 2. HP: 10/19 MP: 2/7
  1220 | D:2      | Found Ceqena's Antique Armour Shoppe.
  1273 | D:2      | Reached skill level 5 in Spellcasting
  1273 | D:2      | Reached XP level 3. HP: 25/25 MP: 5/9
  1277 | D:2      | Learned a level 3 spell: Swiftness
  1280 | D:2      | Learned a level 2 spell: Static Discharge
  1695 | D:2      | Reached skill level 1 in Invocations
  1852 | D:2      | Found a faded altar of an unknown god.
  2081 | D:3      | Found a glowing silver altar of Zin.
  2102 | D:2      | Slain by a jackal

Illustrated notes

Levels and vault maps discovered:
D:1:      lightli_arrival_farm, layout_loops_corners, chequers_jeans
D:2:      layout_basic, shapermc_ecumenical_altar_mp_urbaneastern, serial_shops,
          shop, minmay_quadrilaterals
D:3:      minmay_skewed_foursquare, layout_loops_ring,
          mainiacjoe_overflow_catwalk, mainiacjoe_overflow_two_lobes,
          minmay_misc_feat_diagonals, corner_web_ring, corexii_shack,
          uniq_crazy_yiuf_cottage, uniq_robin

Skill      XL: |  1  2  3 |
---------------+----------+-----
Conjurations   | 2 |  2.1
Spellcasting   | 5 |  5.0
Invocations    | 1 |  1.0
Fighting       | |  0.9
Short Blades   | |  0.9
Long Blades    | |  0.9
Axes           | |  0.9
Maces & Flails | |  0.9
Polearms       | |  0.9
Staves         | |  0.9
Ranged Weapons | |  0.9
Throwing       | |  0.9
Armour         | |  0.9
Dodging        | |  4.5
Stealth        | |  4.2
Shields        | |  0.9
Unarmed Combat | |  0.9
Hexes          | |  0.6
Summonings     | |  0.6
Necromancy     | |  0.6
Translocations | |  0.6
Fire Magic     | |  0.6
Ice Magic      | |  0.6
Air Magic      | |  5.4
Earth Magic    | |  0.6
Alchemy        | |  0.6
Evocations     | |  0.9
Shapeshifting  | |  0.7

Action                     || total
---------------------------++-------
  Melee: Unarmed           ||    12
         Bite              ||     8
         Dagger            ||    34
         Hand axe          ||    35
         Punch             ||     1
   Cast: Shock             ||    36
         Static Discharge  ||     2
         Swiftness         ||     1
   Stab: Sleeping          ||     3
 Armour: Robe              ||    40
         Scale mail        ||    13
  Dodge: Dodged            ||    83
